Connexion

Stars vs Wolves

Created - 29 mars 2024 at 05:45

Goals
1 2 3 T
Stars 1 0 0 1
Wolves 1 1 2 4
Shots
1 2 3 T
Stars 8 7 13 28
Wolves 8 13 20 41

GoalsPenalties
1st period
1. Stars , Christoph Bertschy 14 (Ryan Rupert 21, Macoy Erkamps 37) at 0:48
2. Wolves , Ryan Stanton 10 (Tanner Kero 43, Garrett Mitchell 52) at 9:18
Tommy Cross (CHI) for Tripping (Minor) at 4:36
2nd period
3. Wolves , Jamie Devane 21 (Tanner Kero 44) at 19:40 (PP)
Christoph Bertschy (TEX) for Slashing (Minor) at 2:15
Jack Rodewald (CHI) for Interference (Minor) at 7:00
Joseph Cecconi (TEX) for Roughing (Minor) at 13:35
Matthew Robertson (TEX) for High sticking (Minor) at 15:31
Ilya Lyubushkin (TEX) for High sticking (Minor) at 19:38
3rd period
4. Wolves , Mitchell Vande Sompel 11 (Brett Seney 41) at 1:08 (SH)
5. Wolves , Matt Tennyson 7 (Ryan Stanton 35) at 12:48
Jamie Devane (CHI) for Delaying the game (Minor) at 0:52
Louie Belpedio (CHI) for Roughing (Minor) at 15:41
Goalie Stats
Evan Cormier (TEX), 37 saves from 41 shots - (0,902), L, 19-17-2, 60:00 minutes
Dylan Wells (CHI), 27 saves from 28 shots - (0,964), W, 2-2-0, 60:00 minutes
3 StarsOfficial
1 - Ryan Stanton (CHI)
2 - Matt Tennyson (CHI)
3 - Dylan Wells (CHI)
Referees : Rob Shick and Chris Ciamaga
Linesman : Thor Nelson and Derek Nansen
Game Note
No Game Note
Finance
Level 1 -- Attendance: 1028 (51,40%) -- Ticket Income $61,680
Level 2 -- Attendance: 334 (33,40%) -- Ticket Income $16,700
Total Attendance: 1362 (45,40%)
Total Ticket Income: $78,380
Other Income: $15,676
Total Income: $94,056



Team Name Goals Shots Shots Attemp Shots Blocked PIM HIT PP PK FO%
Stars 12858108230 / 4 (0%)142%
Wolves 44183148111 / 4 (25%)058%

Stars
Player Name POS G A P +/- PIM HIT SHT SB MP PP MP PP SHT PK MP PK SHT FO% FOT
Brad MorrisonC000000106:130:0000:00043% 7
Christoph BertschyC/LW/RW1010201011:020:0000:0500% 0
Gabriel BourqueLW/RW000-1002021:114:1111:4200% 1
Hudson ElynuikC/LW000-1031019:063:4511:42057% 23
Ilya LyubushkinD000-2240024:214:1602:5300% 0
Johan LarssonC/LW/RW000-1023022:134:1112:44044% 36
Joseph CecconiD0000234220:193:4032:1200% 0
Kyle OlsonC/RW000-1005017:243:4540:0000% 3
Kyle PlatzerC/RW000000006:130:0000:0000% 0
Macoy ErkampsD0110010115:030:0000:3600% 0
Matteson IacopelliLW/RW000-1021018:263:4511:02067% 3
Matthew RobertsonD0000210115:090:0000:4200% 0
Matthew StromeLW000000106:130:0000:0000% 1
Nicholas CaamanoRW000-1025122:194:1122:50050% 2
Nicolas BeaudinD000-2001423:594:1612:3000% 0
Patrick McNallyD0000031021:063:4012:5800% 0
Ryan OlsenC0000012010:580:0000:0000% 8
Ryan RupertC/LW0110010112:420:0001:4400% 0
Wolves
Player Name POS G A P +/- PIM HIT SHT SB MP PP MP PP SHT PK MP PK SHT FO% FOT
Adam HelewkaLW000000006:310:0000:000100% 1
Artur GavrusC/LW0000001011:350:5200:0000% 1
Brett SeneyLW0111023123:292:1915:43059% 17
David CottonC000000107:060:0000:35063% 8
Garrett MitchellRW0111006016:172:4500:0000% 0
Gregory HofmannC/LW0001003123:292:1905:43046% 24
Jack RodewaldRW0000205019:232:1901:38033% 3
Jamie DevaneLW1011215016:112:4510:000100% 1
Jens LookeLW/RW000000207:180:5200:0000% 0
Louie BelpedioD000-1211114:580:0000:0000% 0
Mark JankowskiC0000002011:350:5200:00067% 12
Matt TennysonD1012043020:232:3613:3700% 0
Mitchell Vande SompelD1011001222:541:3604:1910% 0
Radim SimekD0001001324:383:2014:1900% 0
Ryan StantonD1122004020:232:3613:3700% 0
Scott KosmachukRW0000001110:430:0000:000100% 1
Tanner KeroC/LW0221001218:252:4502:13069% 16
Tommy CrossD000-1231316:421:4400:0000% 0



Play-by-Play

1st period


0:01 of 1st period - Jack Rodewald wins face-off versus Johan Larsson in neutral zone.
0:10 of 1st period - Shot by Jack Rodewald.
0:10 of 1st period - Shot Misses the Net.
0:12 of 1st period - Shot by Radim Simek.
0:12 of 1st period - Deflect By Jack Rodewald.
0:12 of 1st period - Stopped by Evan Cormier without a rebound.
0:13 of 1st period - Hudson Elynuik wins face-off versus Tanner Kero in Stars zone.
0:35 of 1st period - Matteson Iacopelli is hit by Matt Tennyson and loses puck.
0:38 of 1st period - Shot by Kyle Olson.
0:38 of 1st period - Stopped by Dylan Wells without a rebound.
0:39 of 1st period - Mark Jankowski wins face-off versus Ryan Olsen in Wolves zone.
0:46 of 1st period - Shot by Ryan Rupert.
0:46 of 1st period - Shot Misses the Net.
0:48 of 1st period - Shot by Christoph Bertschy.
0:48 of 1st period - Goal by Christoph Bertschy - Stars : 1 - Wolves : 0.
0:49 of 1st period - Johan Larsson wins face-off versus Gregory Hofmann in neutral zone.
1:09 of 1st period - Shot by Gregory Hofmann.
1:09 of 1st period - Stopped by Evan Cormier without a rebound.
1:10 of 1st period - Brad Morrison wins face-off versus David Cotton in Stars zone.
1:44 of 1st period - Shot by Brad Morrison.
1:44 of 1st period - Shot Blocked by Tommy Cross.
1:46 of 1st period - Shot by Matthew Strome.
1:46 of 1st period - Stopped by Dylan Wells without a rebound.
1:47 of 1st period - Mark Jankowski wins face-off versus Ryan Olsen in Wolves zone.
1:54 of 1st period - Shot by Mark Jankowski.
1:54 of 1st period - Shot Misses the Net.
2:00 of 1st period - Radim Simek is hit by Ryan Rupert and loses puck.
2:15 of 1st period - Shot by Ryan Rupert.
2:15 of 1st period - Shot Blocked by Scott Kosmachuk.
3:23 of 1st period - Icing by Ryan Stanton.
3:24 of 1st period - Hudson Elynuik wins face-off versus Gregory Hofmann in Wolves zone.
4:13 of 1st period - Shot by Matthew Strome.
4:13 of 1st period - Shot Misses the Net.
4:15 of 1st period - Shot by Kyle Platzer.
4:15 of 1st period - Shot Blocked by Tommy Cross.
4:17 of 1st period - Shot by Ilya Lyubushkin.
4:17 of 1st period - Shot Blocked by Tanner Kero.
4:19 of 1st period - Shot by Kyle Platzer.
4:19 of 1st period - Shot Blocked by Tommy Cross.
4:36 of 1st period - Minor Penalty to Tommy Cross for Tripping.
4:37 of 1st period - Johan Larsson wins face-off versus Brett Seney in Wolves zone.
4:38 of 1st period - Shot by Patrick McNally.
4:38 of 1st period - Shot Blocked by Brett Seney.
4:52 of 1st period - Shot by Gabriel Bourque.
4:52 of 1st period - Deflect By Nicholas Caamano.
4:52 of 1st period - Stopped by Dylan Wells without a rebound.
4:53 of 1st period - Brett Seney wins face-off versus Hudson Elynuik in Wolves zone.
4:53 of 1st period - Brett Seney is hit by Hudson Elynuik.
5:00 of 1st period - Icing by Hudson Elynuik.
5:01 of 1st period - Hudson Elynuik wins face-off versus Brett Seney in Stars zone.
5:14 of 1st period - Shot by Hudson Elynuik.
5:14 of 1st period - Stopped by Dylan Wells without a rebound.
5:15 of 1st period - Johan Larsson wins face-off versus Jack Rodewald in Wolves zone.
5:22 of 1st period - Shot by Nicholas Caamano.
5:22 of 1st period - Shot Blocked by Radim Simek.
5:49 of 1st period - Off-side.
5:50 of 1st period - Brett Seney wins face-off versus Hudson Elynuik in neutral zone.
5:56 of 1st period - Icing by Nicolas Beaudin.
5:57 of 1st period - Brett Seney wins face-off versus Kyle Olson in Stars zone.
6:38 of 1st period - Shot by Gabriel Bourque.
6:38 of 1st period - Stopped by Dylan Wells with a rebound.
6:48 of 1st period - Shot by Tanner Kero.
6:48 of 1st period - Deflect By Garrett Mitchell.
6:48 of 1st period - Shot Misses the Net.
6:50 of 1st period - Shot by Matt Tennyson.
6:50 of 1st period - Shot Blocked by Joseph Cecconi.
6:52 of 1st period - Shot by Ryan Stanton.
6:52 of 1st period - Stopped by Evan Cormier with a rebound.
7:10 of 1st period - Shot by Jamie Devane.
7:10 of 1st period - Stopped by Evan Cormier without a rebound.
7:11 of 1st period - David Cotton wins face-off versus Ryan Olsen in Stars zone.
7:51 of 1st period - Shot by David Cotton.
7:51 of 1st period - Shot Misses the Net.
8:07 of 1st period - Adam Helewka is hit by Ryan Olsen and loses puck.
8:32 of 1st period - Shot by Matteson Iacopelli.
8:32 of 1st period - Shot Hit the Post.
9:14 of 1st period - Shot by Tanner Kero.
9:14 of 1st period - Shot Misses the Net.
9:16 of 1st period - Shot by Ryan Stanton.
9:16 of 1st period - Stopped by Evan Cormier with a rebound.
9:18 of 1st period - Shot by Ryan Stanton.
9:18 of 1st period - Goal by Ryan Stanton - Stars : 1 - Wolves : 1.
9:19 of 1st period - Mark Jankowski wins face-off versus Johan Larsson in neutral zone.
9:21 of 1st period - Off-side.
9:22 of 1st period - Tanner Kero wins face-off versus Johan Larsson in neutral zone.
9:50 of 1st period - Jamie Devane is hit by Patrick McNally and loses puck.
11:17 of 1st period - Shot by Ryan Olsen.
11:17 of 1st period - Stopped by Dylan Wells without a rebound.
11:18 of 1st period - Matteson Iacopelli wins face-off versus Artur Gavrus in Wolves zone.
11:19 of 1st period - Shot by Kyle Olson.
11:19 of 1st period - Shot Misses the Net.
11:23 of 1st period - Shot by Patrick McNally.
11:23 of 1st period - Shot Blocked by Louie Belpedio.
11:25 of 1st period - Shot by Joseph Cecconi.
11:25 of 1st period - Stopped by Dylan Wells without a rebound.
11:26 of 1st period - Johan Larsson wins face-off versus Mark Jankowski in Wolves zone.
11:26 of 1st period - Johan Larsson is hit by Tommy Cross.
11:29 of 1st period - Gabriel Bourque is hit by Tommy Cross.
12:17 of 1st period - Icing by Nicolas Beaudin.
12:18 of 1st period - Gregory Hofmann wins face-off versus Hudson Elynuik in Stars zone.
14:39 of 1st period - Off-side.
14:40 of 1st period - Mark Jankowski wins face-off versus Johan Larsson in neutral zone.
15:32 of 1st period - Icing by Gregory Hofmann.
15:33 of 1st period - Gregory Hofmann wins face-off versus Hudson Elynuik in Wolves zone.
15:33 of 1st period - Gregory Hofmann is hit by Matteson Iacopelli.
15:48 of 1st period - Gregory Hofmann is hit by Joseph Cecconi and loses puck.
16:07 of 1st period - Shot by Brett Seney.
16:07 of 1st period - Shot Misses the Net.
16:39 of 1st period - Icing by Joseph Cecconi.
16:40 of 1st period - Mark Jankowski wins face-off versus Hudson Elynuik in Stars zone.
17:16 of 1st period - Shot by Mark Jankowski.
17:16 of 1st period - Deflect By Scott Kosmachuk.
17:16 of 1st period - Shot Misses the Net.
18:33 of 1st period - Icing by Matthew Robertson.
18:34 of 1st period - Gregory Hofmann wins face-off versus Brad Morrison in Stars zone.
18:50 of 1st period - Shot by Brett Seney.
18:50 of 1st period - Shot Misses the Net.
19:03 of 1st period - Jack Rodewald is hit by Matthew Robertson and loses puck.
19:10 of 1st period - Shot by Gregory Hofmann.
19:10 of 1st period - Stopped by Evan Cormier with a rebound.
19:36 of 1st period - Shot by Artur Gavrus.
19:36 of 1st period - Shot Misses the Net.
19:38 of 1st period - Shot by Mark Jankowski.
19:38 of 1st period - Shot Misses the Net.
19:40 of 1st period - Shot by Mark Jankowski.
19:40 of 1st period - Stopped by Evan Cormier with a rebound.
Goals for this period are 1 for Stars vs 1 for Wolves.
Shots for this period are 8 for Stars vs 8 for Wolves.

2nd period


0:01 of 2nd period - Johan Larsson wins face-off versus Gregory Hofmann in neutral zone.
0:26 of 2nd period - Shot by Gabriel Bourque.
0:26 of 2nd period - Shot Misses the Net.
0:28 of 2nd period - Shot by Johan Larsson.
0:28 of 2nd period - Stopped by Dylan Wells without a rebound.
0:29 of 2nd period - Hudson Elynuik wins face-off versus Tanner Kero in Wolves zone.
0:42 of 2nd period - Shot by Jamie Devane.
0:42 of 2nd period - Stopped by Evan Cormier with a rebound.
1:09 of 2nd period - Jamie Devane is hit by Joseph Cecconi and loses puck.
1:50 of 2nd period - Shot by Nicholas Caamano.
1:50 of 2nd period - Stopped by Dylan Wells with a rebound.
2:15 of 2nd period - Minor Penalty to Christoph Bertschy for Slashing.
2:16 of 2nd period - Tanner Kero wins face-off versus Johan Larsson in Stars zone.
2:37 of 2nd period - Shot by Tanner Kero.
2:37 of 2nd period - Shot Misses the Net.
2:39 of 2nd period - Shot by Matt Tennyson.
2:39 of 2nd period - Stopped by Evan Cormier without a rebound.
2:40 of 2nd period - Johan Larsson wins face-off versus Gregory Hofmann in Stars zone.
3:05 of 2nd period - Shot by Brett Seney.
3:05 of 2nd period - Shot Misses the Net.
3:35 of 2nd period - Shot by Tanner Kero.
3:35 of 2nd period - Shot Misses the Net.
3:37 of 2nd period - Shot by Mitchell Vande Sompel.
3:37 of 2nd period - Shot Blocked by Joseph Cecconi.
3:39 of 2nd period - Shot by Radim Simek.
3:39 of 2nd period - Stopped by Evan Cormier without a rebound.
3:40 of 2nd period - Tanner Kero wins face-off versus Johan Larsson in Stars zone.
3:51 of 2nd period - Shot by Tanner Kero.
3:51 of 2nd period - Shot Misses the Net.
4:22 of 2nd period - Icing by Matthew Robertson.
4:23 of 2nd period - Brad Morrison wins face-off versus Mark Jankowski in Stars zone.
4:42 of 2nd period - Icing by Macoy Erkamps.
4:43 of 2nd period - David Cotton wins face-off versus Brad Morrison in Stars zone.
4:50 of 2nd period - Shot by Jens Looke.
4:50 of 2nd period - Stopped by Evan Cormier without a rebound.
4:51 of 2nd period - Johan Larsson wins face-off versus Gregory Hofmann in Stars zone.
5:05 of 2nd period - Icing by Nicolas Beaudin.
5:06 of 2nd period - Mark Jankowski wins face-off versus Johan Larsson in Stars zone.
5:28 of 2nd period - Icing by Tommy Cross.
5:29 of 2nd period - Scott Kosmachuk wins face-off versus Hudson Elynuik in Wolves zone.
5:29 of 2nd period - Scott Kosmachuk is hit by Hudson Elynuik.
5:48 of 2nd period - Artur Gavrus is hit by Patrick McNally and loses puck.
7:00 of 2nd period - Minor Penalty to Jack Rodewald for Interference.
7:01 of 2nd period - Brett Seney wins face-off versus Johan Larsson in Wolves zone.
7:12 of 2nd period - Shot by Nicholas Caamano.
7:12 of 2nd period - Stopped by Dylan Wells without a rebound.
7:13 of 2nd period - Brett Seney wins face-off versus Johan Larsson in Wolves zone.
7:42 of 2nd period - Shot by Nicolas Beaudin.
7:42 of 2nd period - Stopped by Dylan Wells without a rebound.
7:43 of 2nd period - Hudson Elynuik wins face-off versus David Cotton in Wolves zone.
8:16 of 2nd period - Shot by Matteson Iacopelli.
8:16 of 2nd period - Stopped by Dylan Wells without a rebound.
8:17 of 2nd period - Brett Seney wins face-off versus Johan Larsson in Wolves zone.
9:50 of 2nd period - Scott Kosmachuk is hit by Hudson Elynuik and loses puck.
10:08 of 2nd period - Icing by Patrick McNally.
10:09 of 2nd period - Hudson Elynuik wins face-off versus Tanner Kero in Stars zone.
10:46 of 2nd period - Shot by Nicholas Caamano.
10:46 of 2nd period - Deflect By Johan Larsson.
10:46 of 2nd period - Shot Misses the Net.
11:37 of 2nd period - Shot by Brad Morrison.
11:37 of 2nd period - Shot Blocked by Radim Simek.
11:39 of 2nd period - Shot by Kyle Platzer.
11:39 of 2nd period - Shot Misses the Net.
11:41 of 2nd period - Shot by Macoy Erkamps.
11:41 of 2nd period - Shot Misses the Net.
11:43 of 2nd period - Shot by Brad Morrison.
11:43 of 2nd period - Shot Blocked by Tanner Kero.
11:45 of 2nd period - Shot by Matthew Robertson.
11:45 of 2nd period - Shot Blocked by Radim Simek.
12:17 of 2nd period - Shot by Brett Seney.
12:17 of 2nd period - Shot Misses the Net.
12:19 of 2nd period - Shot by Matt Tennyson.
12:19 of 2nd period - Shot Misses the Net.
12:37 of 2nd period - Shot by Jack Rodewald.
12:37 of 2nd period - Stopped by Evan Cormier without a rebound.
12:38 of 2nd period - David Cotton wins face-off versus Hudson Elynuik in Stars zone.
12:43 of 2nd period - Shot by David Cotton.
12:43 of 2nd period - Shot Misses the Net.
12:46 of 2nd period - Icing by Nicolas Beaudin.
12:47 of 2nd period - Hudson Elynuik wins face-off versus Mark Jankowski in Stars zone.
13:18 of 2nd period - Shot by Mark Jankowski.
13:18 of 2nd period - Stopped by Evan Cormier without a rebound.
13:19 of 2nd period - Johan Larsson wins face-off versus Gregory Hofmann in Stars zone.
13:35 of 2nd period - Minor Penalty to Joseph Cecconi for Roughing.
13:36 of 2nd period - Johan Larsson wins face-off versus Gregory Hofmann in Stars zone.
13:44 of 2nd period - Off-side.
13:45 of 2nd period - Gregory Hofmann wins face-off versus Johan Larsson in neutral zone.
13:45 of 2nd period - Gregory Hofmann is hit by Johan Larsson.
13:51 of 2nd period - Shot by Ryan Stanton.
13:51 of 2nd period - Shot Misses the Net.
13:53 of 2nd period - Shot by Brett Seney.
13:53 of 2nd period - Stopped by Evan Cormier without a rebound.
13:54 of 2nd period - Johan Larsson wins face-off versus Gregory Hofmann in Stars zone.
14:05 of 2nd period - Shot by Radim Simek.
14:05 of 2nd period - Shot Misses the Net.
14:58 of 2nd period - Shot by Matt Tennyson.
14:58 of 2nd period - Shot Misses the Net.
15:00 of 2nd period - Shot by Jamie Devane.
15:00 of 2nd period - Shot Blocked by Nicolas Beaudin.
15:02 of 2nd period - Shot by Ryan Stanton.
15:02 of 2nd period - Shot Hit the Post.
15:04 of 2nd period - Shot by Ryan Stanton.
15:04 of 2nd period - Shot Misses the Net.
15:06 of 2nd period - Shot by Ryan Stanton.
15:06 of 2nd period - Deflect By Jamie Devane.
15:06 of 2nd period - Shot Blocked by Nicolas Beaudin.
15:31 of 2nd period - Minor Penalty to Matthew Robertson for High sticking.
15:32 of 2nd period - Johan Larsson wins face-off versus Gregory Hofmann in Stars zone.
16:20 of 2nd period - Shot by Garrett Mitchell.
16:20 of 2nd period - Shot Blocked by Ryan Rupert.
16:22 of 2nd period - Shot by Ryan Stanton.
16:22 of 2nd period - Shot Blocked by Nicholas Caamano.
16:30 of 2nd period - Shot by Matt Tennyson.
16:30 of 2nd period - Shot Misses the Net.
16:32 of 2nd period - Shot by Ryan Stanton.
16:32 of 2nd period - Stopped by Evan Cormier with a rebound.
17:17 of 2nd period - Icing by Artur Gavrus.
17:18 of 2nd period - Johan Larsson wins face-off versus Mark Jankowski in Wolves zone.
17:35 of 2nd period - Shot by Brad Morrison.
17:35 of 2nd period - Stopped by Dylan Wells without a rebound.
17:36 of 2nd period - Brad Morrison wins face-off versus Gregory Hofmann in Wolves zone.
18:06 of 2nd period - Shot by Jack Rodewald.
18:06 of 2nd period - Stopped by Evan Cormier with a rebound.
18:13 of 2nd period - Icing by Macoy Erkamps.
18:14 of 2nd period - Tanner Kero wins face-off versus Matthew Strome in Stars zone.
18:17 of 2nd period - Shot by Jamie Devane.
18:17 of 2nd period - Stopped by Evan Cormier without a rebound.
18:18 of 2nd period - Tanner Kero wins face-off versus Johan Larsson in Stars zone.
18:37 of 2nd period - Shot by Nicolas Beaudin.
18:37 of 2nd period - Shot Misses the Net.
18:39 of 2nd period - Shot by Johan Larsson.
18:39 of 2nd period - Deflect By Nicholas Caamano.
18:39 of 2nd period - Stopped by Dylan Wells without a rebound.
18:40 of 2nd period - Hudson Elynuik wins face-off versus David Cotton in Wolves zone.
18:52 of 2nd period - Shot by Jens Looke.
18:52 of 2nd period - Stopped by Evan Cormier without a rebound.
18:53 of 2nd period - Gregory Hofmann wins face-off versus Johan Larsson in Stars zone.
18:56 of 2nd period - Shot by Jack Rodewald.
18:56 of 2nd period - Shot Blocked by Nicolas Beaudin.
18:58 of 2nd period - Shot by Brett Seney.
18:58 of 2nd period - Shot Blocked by Nicolas Beaudin.
19:00 of 2nd period - Shot by Matt Tennyson.
19:00 of 2nd period - Stopped by Evan Cormier without a rebound.
19:01 of 2nd period - Gregory Hofmann wins face-off versus Johan Larsson in Stars zone.
19:01 of 2nd period - Jack Rodewald is hit by Ilya Lyubushkin and loses puck.
19:37 of 2nd period - Brett Seney is hit by Ilya Lyubushkin.
19:38 of 2nd period - Minor Penalty to Ilya Lyubushkin for High sticking.
19:39 of 2nd period - Tanner Kero wins face-off versus Johan Larsson in Stars zone.
19:40 of 2nd period - Shot by Jamie Devane.
19:40 of 2nd period - Goal by Jamie Devane - Stars : 1 - Wolves : 2.
19:41 of 2nd period - Hudson Elynuik wins face-off versus Tanner Kero in neutral zone.
Goals for this period are 0 for Stars vs 1 for Wolves.
Shots for this period are 7 for Stars vs 13 for Wolves.

3rd period


0:01 of 3rd period - Gregory Hofmann wins face-off versus Johan Larsson in neutral zone.
0:12 of 3rd period - Shot by Gregory Hofmann.
0:12 of 3rd period - Stopped by Evan Cormier without a rebound.
0:13 of 3rd period - Tanner Kero wins face-off versus Hudson Elynuik in Stars zone.
0:52 of 3rd period - Minor Penalty to Jamie Devane for Delaying the game.
0:53 of 3rd period - Nicholas Caamano wins face-off versus Brett Seney in Wolves zone.
1:04 of 3rd period - Shot by Brett Seney.
1:04 of 3rd period - Shot Misses the Net.
1:06 of 3rd period - Shot by Mitchell Vande Sompel.
1:06 of 3rd period - Shot Misses the Net.
1:08 of 3rd period - Shot by Mitchell Vande Sompel.
1:08 of 3rd period - Goal by Mitchell Vande Sompel - Stars : 1 - Wolves : 3.
1:09 of 3rd period - Johan Larsson wins face-off versus Brett Seney in neutral zone.
1:18 of 3rd period - Shot by Johan Larsson.
1:18 of 3rd period - Stopped by Dylan Wells with a rebound.
1:20 of 3rd period - Shot by Johan Larsson.
1:20 of 3rd period - Shot Misses the Net.
1:52 of 3rd period - Shot by Patrick McNally.
1:52 of 3rd period - Stopped by Dylan Wells with a rebound.
1:54 of 3rd period - Shot by Kyle Olson.
1:54 of 3rd period - Stopped by Dylan Wells with a rebound.
1:56 of 3rd period - Shot by Hudson Elynuik.
1:56 of 3rd period - Shot Misses the Net.
1:58 of 3rd period - Shot by Patrick McNally.
1:58 of 3rd period - Shot Misses the Net.
2:00 of 3rd period - Shot by Joseph Cecconi.
2:00 of 3rd period - Stopped by Dylan Wells with a rebound.
2:02 of 3rd period - Shot by Hudson Elynuik.
2:02 of 3rd period - Shot Misses the Net.
2:04 of 3rd period - Shot by Joseph Cecconi.
2:04 of 3rd period - Stopped by Dylan Wells without a rebound.
2:05 of 3rd period - Hudson Elynuik wins face-off versus Jack Rodewald in Wolves zone.
2:06 of 3rd period - Shot by Kyle Olson.
2:06 of 3rd period - Stopped by Dylan Wells with a rebound.
2:08 of 3rd period - Shot by Kyle Olson.
2:08 of 3rd period - Stopped by Dylan Wells with a rebound.
2:10 of 3rd period - Shot by Patrick McNally.
2:10 of 3rd period - Shot Hit the Post.
2:12 of 3rd period - Shot by Joseph Cecconi.
2:12 of 3rd period - Shot Misses the Net.
2:50 of 3rd period - Off-side.
2:51 of 3rd period - Brett Seney wins face-off versus Nicholas Caamano in neutral zone.
3:02 of 3rd period - Shot by David Cotton.
3:02 of 3rd period - Shot Misses the Net.
3:04 of 3rd period - Shot by Adam Helewka.
3:04 of 3rd period - Shot Misses the Net.
3:20 of 3rd period - Shot by David Cotton.
3:20 of 3rd period - Stopped by Evan Cormier with a rebound.
3:42 of 3rd period - Shot by Artur Gavrus.
3:42 of 3rd period - Stopped by Evan Cormier without a rebound.
3:43 of 3rd period - Johan Larsson wins face-off versus Gregory Hofmann in Stars zone.
4:30 of 3rd period - Shot by Jamie Devane.
4:30 of 3rd period - Stopped by Evan Cormier without a rebound.
4:31 of 3rd period - Hudson Elynuik wins face-off versus Tanner Kero in Stars zone.
4:33 of 3rd period - Matteson Iacopelli is hit by Jamie Devane and loses puck.
4:46 of 3rd period - Shot by Tanner Kero.
4:46 of 3rd period - Shot Misses the Net.
5:34 of 3rd period - Shot by Scott Kosmachuk.
5:34 of 3rd period - Stopped by Evan Cormier with a rebound.
5:40 of 3rd period - Shot by Christoph Bertschy.
5:40 of 3rd period - Deflect By Ryan Olsen.
5:40 of 3rd period - Stopped by Dylan Wells with a rebound.
5:44 of 3rd period - Shot by Christoph Bertschy.
5:44 of 3rd period - Shot Misses the Net.
5:55 of 3rd period - Ryan Rupert is hit by Tommy Cross and loses puck.
6:10 of 3rd period - Shot by Johan Larsson.
6:10 of 3rd period - Stopped by Dylan Wells without a rebound.
6:11 of 3rd period - Gregory Hofmann wins face-off versus Johan Larsson in Wolves zone.
6:32 of 3rd period - Shot by Jack Rodewald.
6:32 of 3rd period - Stopped by Evan Cormier without a rebound.
6:33 of 3rd period - Tanner Kero wins face-off versus Brad Morrison in Stars zone.
6:52 of 3rd period - Shot by Jamie Devane.
6:52 of 3rd period - Deflect By Garrett Mitchell.
6:52 of 3rd period - Stopped by Evan Cormier without a rebound.
6:53 of 3rd period - Johan Larsson wins face-off versus Gregory Hofmann in Stars zone.
6:53 of 3rd period - Johan Larsson is hit by Brett Seney.
7:19 of 3rd period - Shot by Brett Seney.
7:19 of 3rd period - Stopped by Evan Cormier without a rebound.
7:20 of 3rd period - Tanner Kero wins face-off versus Matteson Iacopelli in Stars zone.
7:21 of 3rd period - Shot by Garrett Mitchell.
7:21 of 3rd period - Stopped by Evan Cormier without a rebound.
7:22 of 3rd period - Tanner Kero wins face-off versus Hudson Elynuik in Stars zone.
7:22 of 3rd period - Tanner Kero is hit by Patrick McNally.
7:24 of 3rd period - Shot by Garrett Mitchell.
7:24 of 3rd period - Stopped by Evan Cormier without a rebound.
7:25 of 3rd period - Gregory Hofmann wins face-off versus Johan Larsson in Stars zone.
7:25 of 3rd period - Gregory Hofmann is hit by Ilya Lyubushkin.
7:35 of 3rd period - Shot by Gabriel Bourque.
7:35 of 3rd period - Shot Blocked by Gregory Hofmann.
8:06 of 3rd period - Shot by Nicholas Caamano.
8:06 of 3rd period - Stopped by Dylan Wells with a rebound.
8:18 of 3rd period - Kyle Olson is hit by Brett Seney.
8:27 of 3rd period - Patrick McNally is hit by Matt Tennyson.
8:38 of 3rd period - Matteson Iacopelli is hit by Matt Tennyson and loses puck.
8:44 of 3rd period - Matteson Iacopelli is hit by Matt Tennyson and loses puck.
8:59 of 3rd period - Shot by Garrett Mitchell.
8:59 of 3rd period - Stopped by Evan Cormier without a rebound.
9:00 of 3rd period - Mark Jankowski wins face-off versus Ryan Olsen in Stars zone.
9:07 of 3rd period - Shot by Tommy Cross.
9:07 of 3rd period - Stopped by Evan Cormier with a rebound.
9:09 of 3rd period - Shot by Louie Belpedio.
9:09 of 3rd period - Shot Blocked by Matthew Robertson.
9:15 of 3rd period - Shot by Scott Kosmachuk.
9:15 of 3rd period - Deflect By Mark Jankowski.
9:15 of 3rd period - Shot Blocked by Macoy Erkamps.
10:46 of 3rd period - Mitchell Vande Sompel is hit by Joseph Cecconi and loses puck.
10:49 of 3rd period - Shot by Brett Seney.
10:49 of 3rd period - Stopped by Evan Cormier without a rebound.
10:50 of 3rd period - Jamie Devane wins face-off versus Brad Morrison in Stars zone.
10:57 of 3rd period - Shot by Garrett Mitchell.
10:57 of 3rd period - Stopped by Evan Cormier without a rebound.
10:58 of 3rd period - Matteson Iacopelli wins face-off versus Gregory Hofmann in Stars zone.
11:37 of 3rd period - Icing by Louie Belpedio.
11:38 of 3rd period - Gregory Hofmann wins face-off versus Johan Larsson in Wolves zone.
11:38 of 3rd period - Tommy Cross is hit by Nicholas Caamano and loses puck.
12:05 of 3rd period - Shot by Jamie Devane.
12:05 of 3rd period - Shot Misses the Net.
12:18 of 3rd period - Garrett Mitchell is hit by Ilya Lyubushkin.
12:48 of 3rd period - Shot by Matt Tennyson.
12:48 of 3rd period - Goal by Matt Tennyson - Stars : 1 - Wolves : 4.
12:49 of 3rd period - David Cotton wins face-off versus Kyle Olson in neutral zone.
13:12 of 3rd period - Off-side.
13:13 of 3rd period - Gregory Hofmann wins face-off versus Ryan Olsen in neutral zone.
13:18 of 3rd period - Shot by Gregory Hofmann.
13:18 of 3rd period - Shot Misses the Net.
13:42 of 3rd period - Shot by Jack Rodewald.
13:42 of 3rd period - Stopped by Evan Cormier without a rebound.
13:43 of 3rd period - Tanner Kero wins face-off versus Hudson Elynuik in Stars zone.
13:53 of 3rd period - Shot by Garrett Mitchell.
13:53 of 3rd period - Stopped by Evan Cormier with a rebound.
14:57 of 3rd period - Icing by Ilya Lyubushkin.
14:58 of 3rd period - Mark Jankowski wins face-off versus Gabriel Bourque in Stars zone.
15:07 of 3rd period - Shot by Louie Belpedio.
15:07 of 3rd period - Stopped by Evan Cormier without a rebound.
15:08 of 3rd period - Adam Helewka wins face-off versus Ryan Olsen in Stars zone.
15:41 of 3rd period - Minor Penalty to Louie Belpedio for Roughing.
15:42 of 3rd period - Johan Larsson wins face-off versus Brett Seney in Wolves zone.
16:11 of 3rd period - Shot by Gabriel Bourque.
16:11 of 3rd period - Stopped by Dylan Wells without a rebound.
16:12 of 3rd period - Hudson Elynuik wins face-off versus Brett Seney in Wolves zone.
16:19 of 3rd period - Shot by Joseph Cecconi.
16:19 of 3rd period - Stopped by Dylan Wells without a rebound.
16:20 of 3rd period - Hudson Elynuik wins face-off versus Brett Seney in Wolves zone.
16:33 of 3rd period - Shot by Kyle Olson.
16:33 of 3rd period - Shot Blocked by Mitchell Vande Sompel.
16:35 of 3rd period - Shot by Patrick McNally.
16:35 of 3rd period - Shot Blocked by Mitchell Vande Sompel.
16:37 of 3rd period - Shot by Kyle Olson.
16:37 of 3rd period - Stopped by Dylan Wells without a rebound.
16:38 of 3rd period - Brett Seney wins face-off versus Johan Larsson in Wolves zone.
16:59 of 3rd period - Off-side.
17:00 of 3rd period - Brett Seney wins face-off versus Kyle Olson in neutral zone.
17:31 of 3rd period - Mitchell Vande Sompel is hit by Matteson Iacopelli and loses puck.
17:42 of 3rd period - Louie Belpedio is hit by Johan Larsson and loses puck.
17:59 of 3rd period - Nicholas Caamano is hit by Louie Belpedio and loses puck.
18:16 of 3rd period - Shot by Scott Kosmachuk.
18:16 of 3rd period - Deflect By Artur Gavrus.
18:16 of 3rd period - Shot Misses the Net.
18:30 of 3rd period - Matt Tennyson is hit by Nicholas Caamano and loses puck.
18:47 of 3rd period - Shot by Tanner Kero.
18:47 of 3rd period - Shot Misses the Net.
18:49 of 3rd period - Shot by Tanner Kero.
18:49 of 3rd period - Stopped by Evan Cormier without a rebound.
18:50 of 3rd period - David Cotton wins face-off versus Ryan Olsen in Stars zone.
19:28 of 3rd period - Adam Helewka is hit by Macoy Erkamps and loses puck.
19:38 of 3rd period - Icing by Matthew Robertson.
19:39 of 3rd period - Brett Seney wins face-off versus Ryan Olsen in Stars zone.
Goals for this period are 0 for Stars vs 2 for Wolves.
Shots for this period are 13 for Stars vs 20 for Wolves.